Unix NetHack Version 5.0.0-0 post-release - last build Jun 10 2026 00:39:30 (3ee93aec679c4c4259841fe613dc97188e26a321,branch:main).

Game began 2026-06-13 11:29:12, ended 2026-06-13 11:38:36.

Drastanta, neutral male human Barbarian

    ----
    |..--
    |...|
   --...|
   |....--
   |.....--
   --.....----                ...
   --........| ----           ...
   |..^......|--..--          -..
   --...|.-#--|...)---      ---G.
    |-.-|.--# --.....|      |)@..
    |...|...|# --..|%--------...
    |....--.--#---.|........)..
    ---....^.[*.||.|---------.|
      ---..--.).--.|
        ----|......--.
            -----..<.-
                |^..--
                 ----

Drastanta the Pillager     St:18 Dx:17 Co:17 In:7 Wi:10 Ch:7  Neutral
Dlvl:4  $:56 HP:0(46) Pw:7(7) AC:7  Xp:4 T:1538 

Latest messages:
 This lichen corpse tastes okay.
 Your movements are now unencumbered.
 You finish eating the lichen corpse.
 You feel wise!
 You must have been very observant.
 A dart misses you.
 The dagger hits the gnome.
 The gnome hits!
 You kill the gnome!
 The gnome picks up 3 darts.
 You kill the gnome!
 There are several objects here.
 There is a gnome corpse here; eat it? [ynq] (n) y
 This gnome corpse is gamey.
 You stop eating the gnome corpse.
 You kill the gnome!
 You see here a piece of cloth.
 You have a little trouble lifting a piece of cloth.  Continue? [ynq] (q) y
 You have a little trouble lifting u - a piece of cloth.
 Your movements are slowed slightly because of your load.
 The iguana bites!
 The gnome swings his bow.
 The gnome hits!
 The gnome swings his bow.
 The gnome hits!
 You smite the gnome.
 The iguana bites!
 The gnome lord hits!
 The gnome hits!
 The gnome swings his bow.
 The gnome hits!
 The gnome just misses!
 There are several objects here.
 You kill the gnome!
 You drop a +0 two-handed sword.
 Your movements are now unencumbered.
 There are several objects here.
 The iguana bites!
 You smite the iguana!
 The iguana misses!
 You miss the iguana.
 You kill the iguana!
 The gnome lord picks up 9 rocks.
 You already found a monster.  Use 'm' prefix to force another search.
 You smite the gnome lord!
 The gnome lord hits!
 You smite the gnome lord!
 The gnome lord hits!
 You die...
 Do you want your possessions identified? [ynq] (y) q

Inventory:
 Coins    ('$')
  $ - 56 gold pieces
 Weapons  (')')
  b - a +0 axe (weapon in right hand)
 Armor    ('[')
  r - an uncursed +0 dwarvish iron helm
  o - a cursed -1 cloak of invisibility
  u - a cursed -2 cloak of invisibility
  s - an uncursed +0 dwarvish mithril-coat
  c - an uncursed +0 ring mail (being worn)
 Comestibles  ('%')
  q - an uncursed cram ration
  d - 3 uncursed food rations
 Scrolls  ('?')
  l - an uncursed scroll of confuse monster
  k - an uncursed scroll of identify
  m - a blessed scroll of remove curse
 Potions  ('!')
  j - an uncursed potion of healing
  i - 2 uncursed potions of water
 Rings    ('=')
  p - a cursed ring of polymorph
 Wands    ('/')
  e - a wand of secret door detection (0:11)
 Tools    ('(')
  t - a +0 pick-axe

Drastanta the Barbarian's attributes:

Background:
 You were a Pillager, a level 4 male human Barbarian.
 You were neutral, nominally on a mission for Crom
 who was opposed by Mitra (lawful) and Set (chaotic).
 You were right-handed.
 You were in the Gnomish Mines, on level 4.
 You entered the dungeon 1538 turns ago.
 You had 136 experience points, 24 more were needed to attain level 5.

Basics:
 You had 0 out of 46 hit points.
 You had all 7 energy points (spell power).
 Your armor class was 7.
 Your wallet contained 56 zorkmids.
 Autopickup was on for '$' plus thrown.

Final Characteristics:
 Your strength was 18 (limit:18/100).
 Your dexterity was 17 (limit:18).
 Your constitution was 17 (limit:18).
 Your intelligence was 7 (limit:18).
 Your wisdom was 10 (limit:18).
 Your charisma was 7 (limit:18).

Final Status:
 You weren't hungry.
 You were unencumbered.
 You were wielding an axe.
 You had basic skill with axe.

Final Attributes:
 You were devoutly aligned.
 You were poison resistant.
 You were warded.
 You are dead.

Miscellaneous:
 You didn't encounter any bones levels.
 Total elapsed playing time was 9 minutes and 23 seconds.

Major events:
 Turn
    1: Drastanta the neutral male human Barbarian entered the dungeon
  972: entered the Gnomish Mines
 1215: attained the rank of Pillager (level 3)
 1538: killed by a gnome lord

You didn't know any spells.

Skills:
 Fighting Skills
   bare handed combat [Basic]
   two weapon combat  [Unskilled]
   riding             [Unskilled]
 Weapon Skills
   dagger             [Unskilled]
   axe                [Basic]
   pick-axe           [Unskilled]
   short sword        [Unskilled]
   broadsword         [Unskilled]
   long sword         [Unskilled]
   two-handed sword   [Basic]
   saber              [Unskilled]
   club               [Unskilled]
   mace               [Unskilled]
   morning star       [Unskilled]
   flail              [Unskilled]
   hammer             [Unskilled]
   quarterstaff       [Unskilled]
   spear              [Unskilled]
   trident            [Unskilled]
   bow                [Unskilled]
 Spellcasting Skills
   attack spells      [Unskilled]
   escape spells      [Unskilled]

Voluntary challenges:
 Character rerolling was not enabled.
 You were an atheist.
 You never genocided any monsters.
 You never polymorphed an object.
 You never changed form.
 You used no wishes.
Achievements:
 You entered the Gnomish Mines.
 You attained the rank of Pillager.

 The Dungeons of Doom: levels 1 to 3
    Level 1:
    Level 2:
    Level 3:
       A fountain, a grave.
       Stairs down to The Gnomish Mines.
 The Gnomish Mines:
    Level 4: <- You were here.
       Final resting place for
          you, killed by a gnome lord.


Vanquished creatures:
  a gnome leader
  2 dwarves
 an iguana
  2 hobbits
  2 brown molds
  8 gnomes
  a gnome zombie
  7 jackals
  a kobold
  3 grid bugs
  3 lichens
  3 kobold zombies
  2 newts
36 creatures vanquished.

No species were genocided or became extinct.

Game over:
                       ----------
                      /          \
                     /    REST    \
                    /      IN      \
                   /     PEACE      \
                  /                  \
                  |    Drastanta     |
                  |      56 Au       |
                  |   killed by a    |
                  |    gnome lord    |
                  |                  |
                  |                  |
                  |       2026       |
                 *|     *  *  *      | *
        _________)/\\_//(\/(/\)/\//\/|_)_______

Goodbye Drastanta the Barbarian...

You died in The Gnomish Mines on dungeon level 4 with 755 points,
and 56 pieces of gold, after 1538 moves.
You were level 4 with a maximum of 46 hit points when you died.

